 Dungeon Crawl Stone Soup version 0.19.4-9-g45fd643 (webtiles) character file.

2800 graki42 the Cleaver (level 9, -13/117 HPs)
             Began as a Hill Orc Gladiator on Feb 15, 2017.
             Was the Champion of Uskayaw.
             Mangled by Gastronok (20 damage)
             ... on level 8 of the Dungeon.
             The game lasted 00:17:32 (5808 turns).

graki42 the Cleaver (Hill Orc Gladiator)            Turns: 5808, Time: 00:17:33

Health: -13/117    AC: 13    Str: 26    XL:     9   Next: 71%
Magic:  10/13      EV:  8    Int:  8    God:    Uskayaw [******]
Gold:   343        SH:  0    Dex: 11    Spells: 0 memorised, 8 levels left

rFire  . . .     SeeInvis .     a - +0 war axe
rCold  . . .     Gourm    .     r - +0 plate armour
rNeg   . . .     Faith    .     (no shield)
rPois  .         Spirit   .     c - +0 helmet
rElec  .         Reflect  .     (no cloak)
rCorr  .         Harm     .     (no gloves)
MR     .....                    (no boots)
Stlth  ..........               y - amulet of regeneration
                                (no ring)
                                (no ring)

@: berserking (expiring), lethally poisoned (-13 -> -13), slowed
A: no striking features
a: Stomp, Line Pass, Grand Finale, Renounce Religion


You were on level 8 of the Dungeon.
You worshipped Uskayaw.
Uskayaw was noncommittal.
You were hungry.

You visited 2 branches of the dungeon, and saw 9 of its levels.

You collected 428 gold pieces.
You spent 85 gold pieces at shops.

Inventory:

Hand Weapons
 a - a +0 war axe (weapon)
Missiles
 d - 5 throwing nets (quivered)
 g - 7 poisoned tomahawks
Armour
 c - a +0 helmet (worn)
 r - a +0 plate armour (worn)
Jewellery
 y - an amulet of regeneration (around neck)
Wands
 C - a wand of enslavement (15/24)
Scrolls
 j - 5 scrolls of remove curse {unknown}
 k - 4 scrolls of teleportation {unknown}
 l - a scroll of recharging {unknown}
 o - 3 scrolls of identify
 q - 3 scrolls of enchant armour {unknown}
 t - 3 scrolls of magic mapping {unknown}
 v - 3 scrolls of immolation {unknown}
 G - a scroll of random uselessness {unknown}
Potions
 b - 2 potions of ambrosia {unknown}
 e - 5 potions of degeneration {unknown}
 h - 3 potions of brilliance {unknown}
 i - 6 potions of curing
 m - 2 potions of agility {unknown}
 u - 3 potions of might {unknown}
 w - 3 potions of magic
 z - 2 potions of haste {unknown}
 A - 2 potions of flight
 D - a potion of resistance {unknown}
 H - a potion of invisibility {unknown}
Books
 B - a book of Frost

   Spells                             Type                      Level
   a - Freeze                         Ice                          1
   b - Throw Frost                    Conjuration/Ice              2
   c - Ozocubu's Armour               Charms/Ice                   3
   d - Throw Icicle                   Conjuration/Ice              4
   e - Summon Ice Beast               Ice/Summoning                4
Comestibles
 f - 5 bread rations
 s - 5 meat rations
 x - a beef jerky
 E - 12 fruits


   Skills:
 + Level 6.4 Fighting
 + Level 12.7 Axes
 + Level 1.8 Throwing
 + Level 5.0 Armour
 + Level 2.9 Dodging
 - Level 1.5 Stealth
 * Level 5.8 Invocations


You had 8 spell levels left.
You didn't know any spells.

Dungeon Overview and Level Annotations

Branches:
Dungeon (8/15)             Temple (1/1) D:4
   Lair: D:8-11

Altars:
Ashenzari
Cheibriados
Dithmenos
Elyvilon
Fedhas
Gozag
Hepliaklqana
Kikubaaqudgha
Makhleb
Nemelex Xobeh
Okawaru
Qazlal
Sif Muna
Uskayaw
Vehumet
Xom
Yredelemnul
Zin
The Shining One

Shops:
D:4 (   D:5 *   D:7 (

Annotations:
D:8 Gastronok


Message History

You kill the crimson imp!
Your Armour skill increases to level 5!
You feel sick.
Uskayaw prepares the audience for your solo!
The helpless Gastronok fails to defend himself.
You hit Gastronok.
Gastronok is severely wounded.
Gastronok is no longer paralysed.
Gastronok bites you.
* * * LOW HITPOINT WARNING * * *
You slash Gastronok!
Gastronok is severely wounded.
You feel sick.
You slice Gastronok!!
Gastronok is almost dead.
You slash Gastronok!
Gastronok is almost dead.
You feel sick.
Gastronok is no longer sharing his pain.
Gastronok bites you!!
You die...

.###..###........# .#
#.#<.####.....###
#.## #...####..#..##
#...#
#...###..###.####....
#...##...##.......#
#.......##.......##
.......##..###.†..#
#......#..## #†)).###
###...†..## ##w@...#
##.....# #.)#......
#.....# #.....##..#
##......# .....## ..
.....##.....###..#
.....## ###.. ..#
####.# #.. ..# ..#
#.# .. .#.


You could see Gastronok.

Vanquished Creatures
  The ghost of sveltemanboy the Transmogrifier, a novice VSTm of Ashenzari (D:8)
  A two-headed ogre (D:5)
  Eustachio (D:6)
  Grum (D:8)
  Menkaure (D:4)
  A phantom (D:4)
  An ice beast (D:7)
  A necrophage (D:5)
  An ogre (D:5)
  3 wolves (D:8)
  2 bullfrogs
  2 scorpions (D:5)
  3 crimson imps
  A bullfrog zombie (D:7)
  A centaur zombie (D:5)
  2 jellies
  2 hounds
  An orc priest (D:8)
  5 orc wizards
  A bullfrog skeleton (D:4)
  An iguana (D:8)
  2 worker ants
  3 hound skeletons
  Robin (D:4)
  8 gnolls
  7 adders
  2 shadow imps
  An ooze (D:2)
  2 adder zombies
  4 worms
  A dart slug (D:5)
  3 leopard geckos
  16 orcs
  5 giant cockroaches
  11 hobgoblins
  13 jackals
  7 kobolds
  2 quokkas
  6 bats
  6 frilled lizards
  12 goblins
  A jackal skeleton (D:4)
  A leopard gecko skeleton (D:4)
  5 rats
152 creatures vanquished.

Notes
Turn   | Place    | Note
-------+----------+-------------------------------------------
     0 | D:1      | graki42 the Hill Orc Gladiator began the quest for the Orb.
     0 | D:1      | Reached XP level 1. HP: 18/18 MP: 1/1
    81 | D:1      | Reached XP level 2. HP: 8/25 MP: 2/2
   938 | D:1      | Reached XP level 3. HP: 30/30 MP: 3/3
  1334 | D:2      | Reached skill level 1 in Armour
  1356 | D:2      | Found a faded altar of an unknown god.
  1481 | D:2      | Reached XP level 4. HP: 37/37 MP: 4/4
  1540 | D:2      | Reached skill level 5 in Axes
  2068 | D:3      | Found a burning altar of Makhleb.
  2095 | D:3      | Reached XP level 5. HP: 42/45 MP: 5/5
  2363 | D:3      | Found a faded altar of an unknown god.
  2363 | D:3      | Found a faded altar of an unknown god.
  2368 | D:3      | Found a hazy altar of Hepliaklqana.
  2370 | D:3      | Found a faded altar of an unknown god.
  2372 | D:3      | Found a faded altar of an unknown god.
  2797 | D:4      | Reached skill level 6 in Axes
  2854 | D:4      | Noticed Menkaure
  2855 | D:4      | Found a sparkling altar of Nemelex Xobeh.
  3158 | D:4      | Noticed Robin
  3173 | D:4      | Killed Robin
  3180 | D:4      | Reached XP level 6. HP: 52/52 MP: 6/6
  3205 | D:4      | Reached skill level 7 in Axes
  3237 | D:4      | Found a staircase to the Ecumenical Temple.
  3241 | D:4      | Noticed a phantom
  3252 | Temple   | Entered the Ecumenical Temple
  3312 | Temple   | Became a worshipper of Uskayaw the Reveler
  3348 | D:4      | Reached * piety under Uskayaw
  3360 | D:4      | Found a stormy altar of Qazlal.
  3362 | D:4      | Found an opulent altar of Gozag.
  3380 | D:4      | Reached ** piety under Uskayaw
  3404 | D:4      | Killed a phantom
  3507 | D:4      | Killed Menkaure
  3507 | D:4      | Reached skill level 8 in Axes
  3507 | D:4      | Reached XP level 7. HP: 12/59 MP: 2/7
  3621 | D:4      | Found Lepigy's Weapon Shoppe.
  3783 | D:5      | Entered Level 5 of the Dungeon
  3862 | D:5      | Reached skill level 9 in Axes
  3863 | D:5      | Noticed a two-headed ogre
  3865 | D:5      | Reached *** piety under Uskayaw
  3866 | D:5      | Reached **** piety under Uskayaw
  3869 | D:5      | Reached ***** piety under Uskayaw
  3872 | D:5      | Killed a two-headed ogre
  3872 | D:5      | Reached skill level 1 in Stealth
  3872 | D:5      | Reached XP level 8. HP: 57/67 MP: 8/8
  3918 | D:5      | Reached skill level 1 in Invocations
  3961 | D:5      | Found Qoss's Assorted Antiques.
  3987 | D:5      | Reached skill level 5 in Fighting
  3987 | D:5      | Reached skill level 10 in Axes
  4004 | D:5      | Bought a smoky amethyst potion for 27 gold pieces
  4004 | D:5      | Bought a viscous dark potion for 27 gold pieces
  4004 | D:5      | Bought a scroll labeled NARIXEOL VOAXT for 31 gold pieces
  4936 | D:6      | Found a blossoming altar of Fedhas.
  5122 | D:6      | Noticed Eustachio
  5138 | D:6      | Reached skill level 11 in Axes
  5145 | D:6      | Killed Eustachio
  5242 | D:7      | Reached XP level 9. HP: 75/75 MP: 10/12
  5346 | D:7      | Found Nieloib's Antique Weapon Boutique.
  5705 | D:8      | Noticed sveltemanboy's ghost (novice VSTm)
  5728 | D:8      | Killed sveltemanboy's ghost
  5728 | D:8      | Reached skill level 12 in Axes
  5728 | D:8      | Reached skill level 5 in Invocations
  5773 | D:8      | Noticed Grum
  5781 | D:8      | Noticed Gastronok
  5792 | D:8      | Killed Grum
  5804 | D:8      | Reached skill level 5 in Armour
  5804 | D:8      | Reached ****** piety under Uskayaw
  5808 | D:8      | Mangled by Gastronok

Skill      XL: |  1  2  3  4  5  6  7  8  9 |
---------------+----------------------------+-----
Armour         | 1 2 3 5 |  5.0
Axes           | 5 6 8 9 11 12 | 12.7
Fighting       | 3 4 5 6 |  6.4
Stealth        | 1 |  1.5
Invocations    | 4 5 |  5.8
Throwing       | |  1.8
Dodging        | |  2.9

Action                   |  1- 3 |  4- 6 |  7- 9 || total
-------------------------+-------+-------+-------++-------
Melee: War axe           |   123 |   207 |   257 ||   587
Invok: Line Pass         |       |     1 |     1 ||     2
       Stomp             |       |       |     1 ||     1
  Use: Scroll            |       |       |     5 ||     5
       Potion            |       |       |     3 ||     3
 Stab: Confused          |       |     2 |     1 ||     3
       Paralysed         |       |       |    17 ||    17
  Eat: Chunk             |     2 |     6 |     7 ||    15
       Pizza             |       |       |     1 ||     1
Armor: Leather armour    |    24 |       |       ||    24
       Chain mail        |    14 |       |       ||    14
       Plate armour      |    40 |   147 |   170 ||   357
Dodge: Dodged            |    66 |    78 |   101 ||   245
